 Dungeon Crawl Stone Soup version 0.30-a0-56-ge6a4009bfd (webtiles) character file.

Game seed: 11200555512674159428

25 billz999 the Chopper (level 2, -5/23 HPs)
             Began as a Demonspawn Gladiator on Sept 11, 2022.
             Slain by Natasha (7 damage)
             ... on level 2 of the Dungeon.
             The game lasted 00:05:31 (1705 turns).

billz999 the Chopper (Demonspawn Gladiator)         Turns: 1705, Time: 00:05:33

Health: -5/23      AC:  9    Str: 14    XL:     2   Next: 86%
Magic:  2/2        EV:  6    Int:  9    God:
Gold:   109        SH:  0    Dex: 14    Spells: 1/1 levels left

rFire   . . .      SeeInvis .    a - +0 war axe
rCold   . . .      Faith    .    (no shield)
rNeg    . . .      Spirit   .    k - +0 chain mail
rPois   .          Reflect  .    c - +0 helmet
rElec   .          Harm     .    (no cloak)
rCorr   .          Rampage  .    (no gloves)
Will    .....                    (no boots)
Stlth   ..........               (no amulet)
HPRegen 0.07/turn                (no ring)
MPRegen 0.08/turn                (no ring)

@: no status effects
A: weakness stinger 1
a: no special abilities


You were on level 2 of the Dungeon.
You visited 1 branch of the dungeon, and saw 2 of its levels.

You collected 109 gold pieces.

Inventory:

Hand Weapons
 a - a +0 war axe (weapon)
Missiles
 d - 3 throwing nets (quivered)
 e - a javelin
Armour
 b - a +0 leather armour
 c - a +0 helmet (worn)
 k - a +0 chain mail (worn)
 p - a +0 cloak
Jewellery
 n - a ring of protection from fire
Scrolls
 f - a scroll of torment {unknown}
 g - a scroll of teleportation {unknown}
 h - 3 scrolls of noise {unknown}
 o - a scroll of amnesia {unknown}
 r - a scroll of fear {unknown}
Potions
 i - 2 potions of heal wounds {unknown}
 j - a potion of might {unknown}
 l - 2 potions of lignification {unknown}
 m - a potion of flight {unknown}
 q - 3 potions of curing


   Skills:
 + Level 2.5 Fighting
 + Level 3.0 Axes
 + Level 2.3 Throwing
 - Level 2.6 Dodging


You had one spell level left.
You didn't know any spells.
Your spell library contained the following spells:

 Spells                   Type           Power      Damage    Failure   Level
 Poisonous Vapours        Pois/Air       0%         N/A       100%        2
 Corpse Rot               Necr/Pois/Air  0%         N/A       100%        4


Dungeon Overview and Level Annotations

Branches:
Dungeon (2/15)

Altars:

Annotations:
D:2 Natasha


Innate Abilities, Weirdness & Mutations

You have a small tail.


Message History

q - 3 sedimented cyan potions;
r - a scroll labelled GUIMOE TEFI
Things that are here:
a +0 club; a goblin corpse Natasha, Servant of Life and Death comes into view.
Natasha hisses angrily.
Natasha is nearby!
You hit Natasha.
You tail-slap Natasha, but do no damage.
Natasha is lightly wounded.
Natasha claws you. x2
You closely miss Natasha.
Natasha is lightly wounded.
Natasha barely misses you.
You hit Natasha.
Natasha is moderately wounded.
Natasha barely misses you.
You hit Natasha.
You tail-slap Natasha, but do no damage.
Natasha is heavily wounded.
Natasha claws you. Natasha claws you but does no damage.
You are too injured to fight recklessly!
You are too injured to fight recklessly!
You are too injured to fight recklessly!
You are too injured to fight recklessly!
You are too injured to fight recklessly!
You are too injured to fight recklessly!
You hit Natasha.
Natasha is severely wounded.
Natasha drinks a potion.
Natasha is healed!
You closely miss Natasha.
You tail-slap Natasha, but do no damage.
Natasha is moderately wounded.
Natasha claws you but does no damage.
You closely miss Natasha.
Natasha is moderately wounded.
Natasha casts a spell at you. The magic dart hits you!
* * * LOW HITPOINT WARNING * * *
Natasha claws you!
You die...

..g #. #.. ... #. #.#
#.# #. #.# #.# #$ #.#
#.# # #. #.# ##'##
###.##.###.###...##
.......h.#.##.....##
#....@...#......)## #
##...#.##.........####
#.......+.........'...
##..#..##.........####
#...#.###.......## #
#.###.# ##.....## #.
#.# ##...## .. ..#
##+## ### #.#


You could see Natasha.

Vanquished Creatures
  6 ball pythons (D:1)
  An endoplasm (D:2)
  4 goblins
  2 hobgoblins (D:1)
  A kobold (D:1)
  5 bats
  2 frilled lizards (D:1)
  3 rats (D:1)
24 creatures vanquished.

Notes
Turn   | Place    | Note
-------+----------+-------------------------------------------
     0 | D:1      | billz999 the Demonspawn Gladiator began the quest for the
                  | Orb.
     0 | D:1      | Reached XP level 1. HP: 16/16 MP: 1/1
   609 | D:1      | Discovered your monstrous ancestry.
   609 | D:1      | Gained mutation: You have a small tail. [demonic ancestry]
   609 | D:1      | Reached XP level 2. HP: 22/22 MP: 2/2
   729 | D:1      | Reached skill level 3 in Axes
  1300 | D:2      | Found a faded altar of an unknown god.
  1696 | D:2      | Noticed Natasha
  1705 | D:2      | Slain by Natasha

Illustrated notes

Levels and vault maps discovered:
D:1:      spicycebolla_arrival_transporter_tutorial, layout_basic,
          lemuel_flame_loot_1
D:2:      layout_loops_corners, shapermc_ecumenical_altar_acropolis,
          minmay_misc_feat_plants, minivault_14, uniq_natasha

Skill      XL: |  1  2 |
---------------+-------+-----
Throwing       | 2 |  2.3
Axes           | 3 |  3.0
Fighting       | |  2.5
Dodging        | |  2.6

Action                   || total
-------------------------++-------
Melee: War axe           ||    73
       Tailslap          ||     6
Armor: Leather armour    ||    29
       Chain mail        ||    10
Dodge: Dodged            ||    57

Table legend: (Time is in decaauts)
 A = Elapsed time spent in this place.
 B = Non-inter-level travel time spent in this place.
 C = Inter-level travel time spent in this place.
 D = Time resting spent in this place.
 E = Time spent auto-exploring this place.
 F = Levels seen in this place.
 G = Mean time per level.
                   A        B        C        D        E       F      G
               +--------+--------+--------+--------+--------+-----+--------+
         Total |   1730 |   1682 |     48 |    191 |   1262 |   2 |  865.0 |
       Dungeon |   1730 |   1682 |     48 |    191 |   1262 |   2 |  865.0 |
               +--------+--------+--------+--------+--------+-----+--------+

Top non-repeatable levels by time:
     D:1: 1184 daAuts
     D:2: 545 daAuts
